 Dungeon Crawl Stone Soup version 0.19-a0-1035-gdbfb0c6 (webtiles) character file.

540180 inmateoo the Sorcerer (level 25, -2/200 HPs)
             Began as a Deep Elf Conjurer on July 27, 2016.
             Was a High Priest of Hepliaklqana.
             Slain by a stone giant (28 damage)
             ... on level 5 of the Vaults on July 29, 2016.
             The game lasted 04:01:15 (56792 turns).

inmateoo the Sorcerer (Deep Elf Conjurer)          Turns: 56792, Time: 04:01:16

Health: -2/200     AC: 21    Str: 17    XL:     25   Next: 23%
Magic:  50/50      EV: 24    Int: 42    God:    Hepliaklqana [*****.]
Gold:   2936       SH:  8    Dex: 25    Spells: 13 memorised, 11 levels left

rFire  + . .     SeeInvis +     r - +8 mace of the Firefly {drain, Dex+10}
rCold  + . .     Gourm    .     D - +5 leather armour "Wyeseboa" {rPois Slay+3}
rNeg   + . .     Faith    .     J - +1 buckler of Cafic {+Inv Str+7 Int+9 Dex-3}
rPois  +         Spirit   .     W - +2 hat {MR+}
rElec  +         Dismiss  .     B - +2 cloak {MR+}
rCorr  +         Reflect  .     I - +2 pair of gloves {Dex+3}
SustAt .         Harm     .     X - +2 pair of boots of Prudence {rF+ rC+ MR+ Str+5}
MR     +++++     Clarity  +     A - macabre finger necklace {rN+}
Stlth  ++........               m - ring of Vuvuonn {rElec MR+}
                                M - ring of wizardry
                                d - ring of resist corrosion

@: slowed, glowing, silenced, deflect missiles, very slow, almost entirely
resistant to hostile enchantments, unstealthy
A: talons 1, molten scales 1, see invisible, berserk 1, blink, clarity, robust
3, no device heal 2, MP-powered wands, sturdy frame 1
a: Blink, Renounce Religion, Evoke Invisibility
}: 2/15 runes: barnacled, gossamer


You were on level 5 of the Vaults.
You worshipped Hepliaklqana.
Hepliaklqana was extremely pleased with you.
You were not hungry.

You visited 9 branches of the dungeon, and saw 45 of its levels.
You also visited: Labyrinth, Sewer, Bailey and Ice Cave.

You collected 6526 gold pieces.
You spent 3590 gold pieces at shops.

Inventory:

Hand Weapons
 r - the +8 mace of the Firefly (weapon) {drain, Dex+10}
   (You found it on level 4 of the Dungeon)

   A truly terrible weapon, it drains the life of those it strikes.
   It affects your dexterity (+10).
Armour
 B - a +2 cloak of magic resistance (worn)
 D - the +5 leather armour "Wyeseboa" (worn) {rPois Slay+3}
   (You found it on level 7 of the Dungeon)

   It affects your accuracy and damage with ranged weapons and melee attacks
   (+3).
   It protects you from poison.
 I - a +2 pair of gloves of dexterity (worn)
 J - the +1 buckler of Cafic (worn) {+Inv Str+7 Int+9 Dex-3}
   (You acquired it on level 4 of the Vaults)

   It affects your strength (+7).
   It affects your intelligence (+9).
   It affects your dexterity (-3).
   It lets you turn invisible.
 U - the +5 cloak of the Salamander {-Tele +Fly rElec rN+++}
   (You acquired it on level 4 of the Vaults)

   It insulates you from electricity.
   It renders you almost immune to negative energy.
   It lets you fly.
   It prevents most forms of teleportation.
 W - a +2 hat of magic resistance (worn)
 X - the +2 pair of boots of Prudence (worn) {rF+ rC+ MR+ Str+5}
   (You acquired it on level 14 of the Dungeon)

   It affects your strength (+5).
   It protects you from fire.
   It protects you from cold.
   It affects your resistance to hostile enchantments.
Magical Staves
 Y - an uncursed staff of earth
Jewellery
 d - a ring of resist corrosion (on amulet)
 i - the ring of the Disturbing Dances {rPois Str+2 Dex+3}
   (You took it off a deep elf sorcerer on level 3 of the Elven Halls)

   [ring of dexterity]

   It affects your strength (+2).
   It affects your dexterity (+3).
   It protects you from poison.
 m - the ring of Vuvuonn (right hand) {rElec MR+}
   (You found it on level 3 of the Depths)

   [ring of protection from magic]

   It insulates you from electricity.
   It affects your resistance to hostile enchantments.
 A - the macabre finger necklace (around neck) {rN+}
   (You found it on level 3 of the Depths)

   [amulet of nothing]

   It protects you from negative energy.
 M - a ring of wizardry (left hand)
 S - an uncursed ring of see invisible
 V - an uncursed ring of protection from cold
Wands
 l - a wand of disintegration (9/24)
 q - a wand of digging (9/24)
 C - a wand of teleportation (5/9)
 G - a wand of teleportation (5/9)
 K - a wand of teleportation (4/9)
 N - a wand of hasting (4/9)
Scrolls
 n - 6 scrolls of blinking
 o - a scroll of summoning
 p - 25 scrolls of remove curse
 s - 7 scrolls of magic mapping
 u - 8 scrolls of fear
 w - 2 scrolls of amnesia
 y - 15 scrolls of teleportation
 E - 7 scrolls of fog
 O - a scroll of identify
 Z - 7 scrolls of recharging
Potions
 a - 6 potions of heal wounds
 b - 2 potions of haste
 e - 3 potions of ambrosia
 g - 9 potions of might
 h - 6 potions of flight
 j - 20 potions of curing
 t - 6 potions of agility
 x - 7 potions of brilliance
 z - 4 potions of magic
 F - 3 potions of resistance
 P - 2 potions of invisibility
 R - 5 potions of cancellation
 T - 2 potions of cure mutation
Miscellaneous
 k - a lamp of fire
 v - a box of beasts
 H - a phial of floods
 L - a fan of gales
Comestibles
 c - 22 bread rations
 f - 11 meat rations
 Q - a beef jerky


   Skills:
 + Level 14.7 Fighting
 - Level 2.8 Maces & Flails
 - Level 5.5 Armour
 - Level 12.0 Dodging
 - Level 8.7 Stealth
 - Level 7.0 Shields
 + Level 21.7 Spellcasting
 - Level 18.1 Conjurations
   Level 4.0 Hexes
 - Level 8.2 Charms
 - Level 7.0 Necromancy
 - Level 17.0 Translocations
 - Level 5.4 Air Magic
 + Level 18.6 Earth Magic
 + Level 15.8 Invocations
 + Level 12.9 Evocations


You had 11 spell levels left.
You knew the following spells:

 Your Spells              Type           Power        Failure   Level  Hunger
a - Magic Dart            Conj           ####         0%          1    None
b - Shatter               Erth           ########..   7%          9    ###....
d - Iskenderun's Mystic   Conj           ########     0%          4    None
e - Iskenderun's Battles  Conj/Chrm      ########     1%          5    None
f - Regeneration          Chrm/Necr      #######...   1%          3    None
g - Deflect Missiles      Chrm/Air       #######...   2%          6    None
h - Lee's Rapid Deconstr  Erth           ########..   0%          5    None
i - Passwall              Tmut/Erth      #######...   0%          2    None
j - Apportation           Tloc           ########..   0%          1    None
k - Blink                 Tloc           N/A          0%          2    None
l - Passage of Golubria   Tloc           N/A          0%          4    None
m - Iron Shot             Conj/Erth      ########..   1%          6    None
n - Controlled Blink      Tloc           N/A          1%          8    None


Dungeon Overview and Level Annotations

Branches:
Dungeon (15/15)            Temple (1/1) D:7            Lair (6/6) D:11
 Shoals (4/4) Lair:3       Spider (4/4) Lair:3        Slime (0/5) Lair:5
    Orc (2/2) D:10            Elf (3/3) Orc:2        Vaults (5/5) D:14
  Crypt (0/3) Vaults:3     Depths (5/5) D:15            Zot (0/5) Depths:5

Altars:
Ashenzari
Cheibriados
Dithmenos
Elyvilon
Fedhas
Gozag
Hepliaklqana
Kikubaaqudgha
Makhleb
Nemelex Xobeh
Okawaru
Pakellas
Qazlal
Ru
Sif Muna
Trog
Uskayaw
Vehumet
Xom
Yredelemnul
Zin
The Shining One
Beogh
Jiyva

Shops:
D:9 %[}   D:12 !   Orc:2 ([[[   Elf:2 ?   Elf:3 ?   Vaults:1 !   Vaults:2 [
Depths:2 }=}

Portals:
Hell: Depths:1 Depths:2 Depths:3 Depths:4 Depths:5
Abyss: Depths:4 Depths:5
Pandemonium: Depths:2 Depths:3 Depths:4
Ziggurat: Depths:5
Trove: D:11 (give 4 potions of resistance)

Annotations:
Vaults:5 Mennas; herpmino's ghost, adept FoFi


Innate Abilities, Weirdness & Mutations

You have sharp toenails.
You are partially covered in molten scales. (AC +1)
You have supernaturally acute eyesight. (SInv)
You tend to lose your temper in combat.
You can translocate small distances at will.
You possess an exceptional clarity of mind.
You are extremely robust. (+30% HP)
Potions and wands are poor at restoring your health.
You expend magic power (3 MP) to strengthen your wands.
Your movements are slightly less encumbered by armour. (ER -2)


Message History

The bolt of cold hits Xochitl.
Xochitl resists.
Unknown command.
Unknown command.
You escape the tentacled monstrosity's grasp.
The vault warden hits you but does no damage.
The golden dragon bites Xochitl!
The golden dragon closely misses Xochitl.
The golden dragon tramples Xochitl!
Xochitl is shoved backwards!
Xochitl hits the golden dragon with a lajatang of freezing.
You block Mennas's attack.
Mennas hits you with a scimitar of holy wrath.
* * * LOW HITPOINT WARNING * * *
There is an escape hatch in the ceiling here.
Items here: ( ) [ ÷ a bolt; a chain mail; a great sword; a human skeleton Unknown command.
Unknown command.
You blink.
You feel slightly more hungry. The stone giant hits you!!
You die...

##. #....##....
#...#....#....+
....#....#....#
...(......).[...#
...)....)[......'
..[[..#.[.(......
.(.[....[)D..#)#
##..?..T[@R....#
.....)[..C.[.....
.......CA<..[....
[...[WD<.[<[[....
.....[pX§W..[....
...#..(D...[(.(##
##.....[.[......#
.....[.[.[.[.....
.......[........


You could see the friendly Xochitl the battlemage, Mennas, 2 shadow dragons, a
tentacled monstrosity, a golden dragon, a frost giant, a stone giant, a vault
warden, a deep troll, a wraith and herpmino's ghost.

Vanquished Creatures
  An ancient lich (Vaults:5)
  Saint Roka (Depths:5)
  Frederick (Vaults:3)
  A caustic shrike (Depths:4)
  2 golden dragons
  Nikola (Vaults:3)
  A bone dragon (Vaults:3)
  A lich (Depths:4)
  2 deep elf master archers (Elf:3)
  2 deep elf blademasters
  A quicksilver dragon (Depths:5)
  A titan (Vaults:5)
  A sphinx (Depths:4)
  A kraken (Shoals:3)
  3 shadow dragons
  Donald (Elf:1)
  Gastronok (Lair:1)
  2 storm dragons
  2 tengu reavers
  Roxanne (Shoals:2)
  Ilsuiw (Shoals:4)
  A draconian monk (Depths:5)
  3 fire giants
  3 deep elf sorcerers
  4 frost giants
  A balrug (Depths:5)
  The ghost of crawlian the Devastator, a journeyman DEFE of Vehumet (Spider:3)
  9 vault wardens
  A draconian scorcher (Depths:5)
  An orc warlord (Orc:2)
  2 deep elf elementalists (Elf:3)
  2 ghost moths
  2 emperor scorpions (Spider:4)
  6 war gargoyles (Depths:3)
  A caustic shrike skeleton (Depths:1)
  7 ironheart preservers
  17 very ugly things
  3 spriggan defenders (Depths:2)
  2 entropy weavers
  7 stone giants
  2 deep elf demonologists
  A black draconian (Depths:5)
  5 deep elf annihilators
  A vampire knight (Depths:1)
  2 spark wasps
  A white draconian (Depths:5)
  2 merfolk javelineers (Shoals:4)
  3 merfolk impalers
  4 ettins
  Fannar (Orc:1)
  Snorg (Orc:1)
  8 crystal guardians (Depths:3)
  4 deep elf death magi
  A minotaur (Lab)
  4 fire dragons
  5 deep elf high priests
  10 yaktaur captains
  29 vault guards
  A great orb of eyes (Vaults:3)
  5 hydras
  A rakshasa (Depths:2)
  A spriggan air mage (Depths:2)
  5 merfolk aquamancers
  2 ice dragons
  10 centaur warriors
  6 ogre magi
  2 merfolk avatars
  2 deep troll shamans (Depths:5)
  3 death knights
  6 deep troll earth magi
  The ghost of Aquadorian the Spear-Bearer, a novice MiFi of Trog (Lair:2)
  8 dancing weapons
  4 death yaks (Lair:5)
  2 spriggan berserkers
  5 hell knights (Vaults:5)
  An orc high priest (Orc:2)
  18 deep elf knights
  4 skeletal warriors
  An unseen horror (shapeshifter) (Vaults:3)
  An iron troll (Depths:5)
  6 sea snakes
  A death drake (shapeshifter) (Depths:3)
  5 wizards
  9 deep trolls
  An unseen horror (Vaults:1)
  3 giant orange brains
  6 hill giants
  4 obsidian statues (Depths:3)
  Pikel (D:5)
  A phantasmal warrior (Vaults:4)
  6 deep elf archers
  A harpy (shapeshifter) (Depths:1)
  A hill giant (shapeshifter) (D:15)
  An iron dragon zombie (Depths:1)
  A necromancer (Vaults:5)
  5 ironbrand convokers
  A lindwurm (Lair:6)
  37 deep elf magi
  16 wolf spiders
  3 harpies
  A wolf spider (shapeshifter) (Vaults:5)
  4 orc knights
  6 griffons
  8 orb spiders
  4 manticores
  20 ugly things
  A mana viper (shapeshifter) (Elf:1)
  A shining eye (shapeshifter) (Depths:3)
  A salamander (shapeshifter) (Vaults:4)
  5 orc sorcerers
  3 fauns
  5 cyclopes
  A hornet (shapeshifter) (Depths:3)
  A manticore (shapeshifter) (Depths:3)
  An octopode (shapeshifter) (D:13)
  4 black mambas
  2 moths of wrath
  7 vault sentinels
  5 sirens
  3 elephants (Lair:4)
  An ice statue (IceCv)
  4 spiny frogs
  4 gargoyles
  2 water nymphs
  6 torpor snails
  6 komodo dragons
  4 rime drakes
  29 yaktaurs
  4 freezing wraiths
  A yaktaur (shapeshifter) (Depths:2)
  2 red devils
  A guardian mummy (D:11)
  A hellwing (Depths:5)
  3 demonic crawlers
  A tengu conjurer (Depths:2)
  6 trolls
  A tengu simulacrum (Vaults:3)
  2 giant leeches (Lair:6)
  18 merfolk
  A minotaur skeleton (Lab)
  14 jumping spiders
  7 slime creatures
  5 two-headed ogres
  10 polar bears (IceCv)
  5 blink frogs (Lair:6)
  A raiju (Depths:3)
  2 boulder beetles
  3 wind drakes
  A snapping turtle (shapeshifter) (Vaults:5)
  A blink frog (shapeshifter) (Elf:3)
  A human simulacrum (Vaults:2)
  A snapping turtle (Shoals:4)
  15 tarantellas
  2 spriggans (Depths:2)
  3 vampires
  46 redbacks
  2 wraiths (D:11)
  A fire elemental (Depths:3)
  A yak (shapeshifter) (Elf:3)
  33 yaks
  5 wyverns
  8 water elementals
  2 basilisks
  2 hungry ghosts
  Edmund (D:4)
  9 hippogriffs
  3 wargs
  4 mottled dragons
  4 insubstantial wisps (Depths:3)
  3 vampire mosquitoes
  A soldier ant (D:14)
  7 water moccasins
  28 orc warriors
  5 porcupines
  A swamp drake (Lair:6)
  3 sky beasts
  2 necrophages (D:6)
  6 wasps
  A black bear (shapeshifter) (Depths:3)
  A sky beast (shapeshifter) (D:14)
  2 slaves (D:5)
  2 black bears
  23 ogres
  2 ice beasts
  An eye of draining (D:8)
  6 boggarts
  14 wolves
  10 centaurs
  4 crocodiles
  3 big kobolds (Sewer)
  8 battlemagi
  Blork the orc (D:6)
  9 giant frogs
  A wyvern zombie (D:15)
  11 earth elementals
  5 wyvern skeletons
  A water moccasin zombie (D:8)
  2 scorpions
  27 killer bees
  5 wights
  6 howler monkeys
  8 electric eels
  A howler monkey (shapeshifter) (Depths:3)
  An ancestor (D:12)
  2 centaur zombies
  7 crimson imps
  2 quasits
  12 orc priests
  8 centaur skeletons
  6 hounds
  A jelly (D:10)
  9 iguanas
  17 orc wizards
  A worker ant (shapeshifter) (Depths:3)
  9 worker ants
  A hound zombie (D:10)
  2 worker ant zombies
  15 adders
  20 gnolls
  A howler monkey skeleton (D:8)
  52 river rats
  2 shadow imps (D:9)
  6 white imps (Orc:1)
  An ufetubus (Depths:4)
  An ooze (Sewer)
  An adder skeleton (D:6)
  8 worms
  2 ball lightnings (Depths:3)
  3 dart slugs
  5 giant geckos
  73 orcs
  3 ball pythons
  3 bats
  8 giant cockroaches
  12 goblins
  18 hobgoblins
  17 jackals
  22 kobolds
  3 quokkas
  7 giant newts
  A jackal zombie (D:6)
  A quokka skeleton (D:5)
  10 rats
  4 crawling corpses (Elf:3)
  A fungus (Lair:5)
  3 plants
  3 tentacles (Shoals:3)
1349 creatures vanquished.

Vanquished Creatures (collateral kills)
  An ancient lich (Vaults:5)
  A juggernaut (Depths:5)
  Bai Suzhen (Spider:4)
  2 caustic shrikes (Depths:4)
  the Enchantress (Depths:2)
  3 liches
  3 tentacled monstrosities
  Asterion (Elf:1)
  A deep elf blademaster (Elf:3)
  2 sphinxes (Depths:4)
  2 shadow dragons
  2 tengu reavers
  3 storm dragons
  3 fire giants
  2 vault wardens
  2 frost giants
  3 emperor scorpions (Spider:4)
  A draconian scorcher (Depths:5)
  5 deep elf sorcerers
  2 ghost moths (Spider:4)
  2 ghost moths (shapeshifter) (Depths:3)
  7 ironheart preservers
  An iron dragon (Depths:4)
  18 very ugly things
  9 stone giants
  A stone giant (shapeshifter) (Depths:5)
  A red draconian (Depths:5)
  2 green draconians (Depths:5)
  3 entropy weavers
  A vampire knight (Depths:5)
  3 deep elf demonologists (Elf:3)
  6 spark wasps
  A black draconian (Depths:5)
  6 deep elf annihilators
  5 deep elf death magi (Elf:3)
  4 ettins
  4 merfolk javelineers
  A blizzard demon (Depths:3)
  A crystal guardian (Depths:3)
  4 fire dragons
  4 great orbs of eyes
  5 merfolk impalers (Shoals:4)
  6 ice dragons
  4 yaktaur captains
  2 hydras
  The ghost of Shenda the Carver, a journeyman DsBe of Trog (D:11)
  Erolcha (Orc:2)
  7 vault guards
  3 rakshasas
  7 ogre magi
  5 centaur warriors
  A merfolk aquamancer (Shoals:4)
  27 dancing weapons
  A vampire mage (Depths:2)
  3 deep troll shamans
  6 death yaks
  2 orc high priests (Orc:2)
  9 deep troll earth magi
  A spriggan berserker (Depths:4)
  A hell hog (shapeshifter) (Depths:3)
  A tengu warrior (Depths:5)
  3 spriggans (Depths:2)
  8 deep elf knights
  An iron troll (Depths:5)
  A death drake (shapeshifter) (Vaults:2)
  4 giant orange brains
  A skeletal warrior (Vaults:1)
  6 deep trolls
  2 unseen horrors
  6 sea snakes
  7 deep elf archers
  A wizard (Depths:4)
  2 flayed ghosts
  A lindwurm (Lair:6)
  7 hill giants
  8 orc knights
  3 ironbrand convokers
  5 harpies
  10 griffons
  A necromancer (Depths:1)
  16 wolf spiders
  10 orb spiders
  41 ugly things
  2 hornets
  6 orc sorcerers
  2 fauns (Shoals:2)
  7 manticores
  4 cyclopes
  An elephant (shapeshifter) (Depths:3)
  A moth of wrath (shapeshifter) (Depths:2)
  32 deep elf magi
  A moth of wrath (Spider:4)
  6 sirens
  3 black mambas
  5 vault sentinels
  A water nymph (Shoals:4)
  6 elephants
  5 torpor snails
  6 spiny frogs
  3 gargoyles
  6 molten gargoyles (Depths:3)
  An elf zombie (Depths:1)
  An efreet (D:14)
  31 yaktaurs
  7 demonic crawlers
  3 komodo dragons
  3 rime drakes
  An elf skeleton (Depths:1)
  A yaktaur (shapeshifter) (Depths:2)
  A hellwing (Depths:5)
  A wind drake (shapeshifter) (Vaults:4)
  7 wind drakes
  15 jumping spiders
  6 trolls
  A giant leech (Lair:6)
  15 merfolk
  6 polar bears
  3 raiju (Depths:3)
  11 two-headed ogres
  4 blink frogs (Lair:6)
  11 slime creatures
  6 boulder beetles
  A frost giant simulacrum (Vaults:3)
  7 snapping turtles
  44 redbacks
  3 shadows
  A centaur simulacrum (D:14)
  20 tarantellas
  A spriggan (shapeshifter) (Vaults:2)
  12 water elementals
  9 air elementals
  21 yaks
  A fire bat (shapeshifter) (Depths:3)
  3 wyverns
  10 hippogriffs
  7 fire elementals
  A yak (shapeshifter) (Vaults:3)
  A hog (shapeshifter) (Vaults:3)
  2 basilisks
  A basilisk (shapeshifter) (Depths:1)
  A steam dragon (Lair:4)
  4 vampire mosquitoes (D:15)
  A hippogriff (shapeshifter) (Depths:3)
  Grum (Lair:1)
  A golden eye (shapeshifter) (Vaults:2)
  4 wargs
  4 mottled dragons
  A warg (shapeshifter) (Depths:3)
  7 water moccasins
  A giant eyeball (shapeshifter) (Depths:3)
  4 porcupines
  A swamp drake (Lair:6)
  24 orc warriors
  2 black bears (shapeshifter)
  An ice beast (shapeshifter) (Depths:3)
  An ice beast (D:12)
  7 wasps
  An ogre (shapeshifter) (Depths:3)
  26 ogres
  A necrophage (D:14)
  3 centaurs
  2 boggarts
  17 wolves
  A centaur (shapeshifter) (D:14)
  14 crocodiles
  7 giant frogs
  6 earth elementals
  A wyvern skeleton (D:14)
  A killer bee (D:11)
  A howler monkey (D:11)
  2 centaur zombies
  A giant frog zombie (D:12)
  A hound (D:9)
  13 orc priests
  3 iguanas
  A jelly (D:14)
  9 orc wizards
  2 worker ants
  An adder (D:10)
  43 river rats
  A shadow imp (D:13)
  6 white imps (Orc:1)
  25 orcs
  A jackal (D:9)
  A butterfly (Lair:1)
  2 crawling corpses (Elf:3)
  A fungus (Lair:5)
  A plant (Shoals:2)
  2 tentacles (Shoals:3)
1001 creatures vanquished.

Vanquished Creatures (others)
  A deep elf sorcerer (Elf:3)
  A deep elf elementalist (Elf:3)
  A war gargoyle (Depths:3)
  A spark wasp (Depths:2)
  A dancing weapon (Elf:2)
  The ghost of crawlian the Arsonist, a novice DEFE of Vehumet (D:9)
  A deep elf mage (Elf:1)
  A tarantella (Spider:1)
  4 water elementals (Depths:3)
  2 ogres
  73 battlemagi
  A jelly (D:14)
  4 ancestors
  An orc wizard (D:10)
  An adder skeleton (D:8)
  10 ball lightnings (Depths:3)
  A giant gecko (D:5)
  2 orcs
  5 fungi
  18 plants
  9 tentacles (Shoals:3)
  216 tentacle segments (Shoals:3)
355 creatures vanquished.

Grand Total: 2705 creatures vanquished

Notes
Turn   | Place    | Note
-------+----------+-------------------------------------------
     0 | D:1      | inmateoo the Deep Elf Conjurer began the quest for the Orb.
     0 | D:1      | Reached XP level 1. HP: 10/10 MP: 6/6
   181 | D:1      | Found a glowing golden altar of the Shining One.
   240 | D:1      | Reached XP level 2. HP: 15/15 MP: 3/8
   244 | D:1      | Learned a level 2 spell: Searing Ray
   589 | D:1      | Reached skill level 4 in Spellcasting
   777 | D:2      | Reached XP level 3. HP: 19/19 MP: 5/10
   782 | D:2      | Learned a level 3 spell: Dazzling Spray
   784 | D:2      | Reached skill level 5 in Conjurations
  1507 | D:2      | Reached XP level 4. HP: 24/24 MP: 4/12
  1946 | D:3      | Noticed a water moccasin
  2048 | D:2      | Learned a level 4 spell: Iskenderun's Mystic Blast
  2135 | D:3      | Reached skill level 5 in Spellcasting
  2399 | D:3      | Reached XP level 5. HP: 28/28 MP: 8/14
  2433 | D:3      | Killed a water moccasin
  2526 | D:3      | Reached XP level 6. HP: 32/32 MP: 8/16
  2917 | D:4      | Noticed Edmund
  2933 | D:4      | Killed Edmund
  2933 | D:4      | Reached skill level 6 in Spellcasting
  3177 | D:4      | Reached skill level 1 in Fighting
  3346 | D:4      | Got an ivory mace
  3349 | D:4      | Identified the +8 mace of the Firefly {drain, Dex+10} (You found it on level 4 of the Dungeon)
  3394 | D:4      | Reached XP level 7. HP: 38/38 MP: 18/18
  3401 | D:4      | Found a shimmering altar of Xom.
  3401 | D:4      | Found an opulent altar of Gozag.
  3401 | D:4      | Found a glowing silver altar of Zin.
  3741 | D:4      | Found a stormy altar of Qazlal.
  4031 | D:5      | Entered Level 5 of the Dungeon
  4082 | D:5      | Found a sacrificial altar of Ru.
  4105 | D:5      | Learned a level 5 spell: Iskenderun's Battlesphere
  4112 | D:5      | Noticed Pikel
  4154 | D:5      | Killed Pikel
  4154 | D:5      | Reached XP level 8. HP: 44/44 MP: 8/20
  4158 | D:5      | Found a glowing drain.
  4200 | Sewer    | Entered a sewer
  4460 | Sewer    | Reached skill level 5 in Dodging
  4460 | Sewer    | Reached skill level 7 in Spellcasting
  4709 | D:5      | Reached skill level 5 in Stealth
  4839 | D:5      | Gained mutation: Scrolls take you a little longer to read. [mutagenic meat]
  4842 | D:5      | Gained mutation: Your muscles are strong. (Str +2) [mutagenic meat]
  4848 | D:5      | Gained mutation: You are robust. (+10% HP) [mutagenic meat]
  4851 | D:5      | Gained mutation: You tend to lose your temper in combat. [mutagenic meat]
  4854 | D:5      | Gained mutation: You are somewhat resistant to further mutation. [mutagenic meat]
  5252 | D:6      | Noticed a troll
  5258 | D:6      | Killed a troll
  5368 | D:6      | Reached XP level 9. HP: 53/53 MP: 22/22
  5646 | D:6      | Noticed Blork the orc
  5651 | D:6      | Killed Blork the orc
  6442 | D:7      | Learned a level 3 spell: Regeneration
  6481 | D:7      | Got a tiger eye-encrusted leather armour
  6525 | D:7      | Identified the +5 leather armour "Wyeseboa" {rPois Slay+3} (You found it on level 7 of the Dungeon)
  6620 | D:7      | Reached skill level 8 in Spellcasting
  6620 | D:7      | Reached skill level 1 in Necromancy
  6633 | D:7      | Found a flagged portal.
  6639 | Bailey   | Entered a bailey
  6740 | Bailey   | Noticed an orc knight
  6876 | Bailey   | Killed an orc knight
  6876 | Bailey   | Reached skill level 10 in Conjurations
  6876 | Bailey   | Reached skill level 5 in Charms
  7385 | D:7      | Found a staircase to the Ecumenical Temple.
  7421 | Temple   | Entered the Ecumenical Temple
  7535 | D:7      | Reached XP level 10. HP: 61/61 MP: 24/24
  7856 | D:8      | Found a radiant altar of Vehumet.
  8020 | D:8      | Noticed a hill giant
  8043 | D:8      | Killed a hill giant
  8945 | D:9      | Reached skill level 9 in Spellcasting
  8974 | D:9      | Found a hazy altar of Hepliaklqana.
  8993 | D:9      | Noticed a hill giant
  9045 | D:9      | Found Puffau Fyro's Antique Armour Boutique.
  9203 | D:9      | Noticed crawlian's ghost (novice DEFE)
  9204 | D:9      | Reached skill level 5 in Necromancy
  9280 | D:9      | Reached XP level 11. HP: 62/68 MP: 10/26
  9283 | D:9      | Killed a hill giant
  9416 | D:10     | Entered Level 10 of the Dungeon
  9761 | D:9      | Found a radiant altar of Vehumet.
  9769 | D:9      | Became a worshipper of Hepliaklqana
  9965 | D:9      | Found Gete's Food Emporium.
 10116 | D:9      | Killed crawlian's ghost
 10116 | D:9      | Reached skill level 1 in Invocations
 10167 | D:9      | Found Herrife's Gadget Emporium.
 10349 | D:9      | Found a basalt altar of Yredelemnul.
 10613 | D:10     | Reached skill level 5 in Fighting
 10878 | D:10     | Noticed a centaur warrior
 11001 | D:10     | Killed a centaur warrior
 11001 | D:10     | Reached skill level 10 in Spellcasting
 11056 | D:10     | Noticed a centaur warrior
 11063 | D:10     | Killed a centaur warrior
 11214 | D:10     | Reached * piety under Hepliaklqana
 11605 | D:10     | Found a staircase to the Orcish Mines.
 11872 | D:11     | Found a staircase to the Lair.
 11998 | D:11     | Reached XP level 12. HP: 64/75 MP: 26/28
 12244 | D:11     | Noticed Shenda's ghost (journeyman DsBe)
 12255 | D:11     | Killed Shenda's ghost
 12410 | D:11     | Found a portal to a secret trove of treasure.
 12568 | D:11     | Noticed a stone giant
 12678 | D:11     | Learned a level 3 spell: Confuse
 12790 | D:11     | Killed a stone giant
 12790 | D:11     | Reached skill level 1 in Hexes
 13026 | D:11     | Reached skill level 11 in Spellcasting
 13329 | D:12     | Reached skill level 5 in Invocations
 13486 | D:12     | Learned a level 5 spell: Lee's Rapid Deconstruction
 13489 | D:12     | Learned a level 2 spell: Passwall
 13754 | D:12     | Reached skill level 1 in Evocations
 13795 | D:12     | Found Oveolata's Distillery.
 13805 | D:12     | Bought a potion of cancellation for 88 gold pieces
 13805 | D:12     | Bought a potion of degeneration for 11 gold pieces
 13822 | D:12     | Found a shattered altar of Ashenzari.
 14039 | D:13     | Reached skill level 1 in Earth Magic
 14228 | D:13     | Reached ** piety under Hepliaklqana
 14229 | D:13     | Remembered your ancestor Xochitl as a battlemage
 14278 | D:13     | Noticed a centaur warrior
 14289 | D:13     | Killed a centaur warrior
 14289 | D:13     | Reached skill level 10 in Dodging
 14339 | D:13     | Noticed a centaur warrior
 14345 | D:13     | Killed a centaur warrior
 14688 | D:14     | Noticed a centaur warrior
 14696 | D:14     | Killed a centaur warrior
 14705 | D:14     | Reached XP level 13. HP: 81/83 MP: 25/30
 14708 | D:14     | Found a labyrinth entrance.
 14718 | Lab      | Entered a labyrinth
 15130 | Lab      | Noticed a minotaur
 15147 | Lab      | Killed a minotaur
 15164 | Lab      | Gained mutation: Your body sometimes deteriorates upon taking damage. [potion of mutation]
 15176 | Lab      | Identified a +8 rod of ignition (10/10) (You found it in a labyrinth)
 15178 | Lab      | Identified a +2 rod of clouds (14/14) (You found it on level 11 of the Dungeon)
 15179 | Lab      | Identified a +3 rod of inaccuracy (13/13) (You found it in a labyrinth)
 15307 | Lair:1   | Entered Level 1 of the Lair of Beasts
 15514 | Lair:1   | Reached *** piety under Hepliaklqana
 15546 | Lair:1   | Noticed Grum
 15567 | Lair:1   | Killed Grum
 15719 | Lair:1   | Noticed Gastronok
 15792 | Lair:1   | Killed Gastronok
 16279 | Lair:2   | Reached skill level 12 in Spellcasting
 16346 | Lair:2   | Noticed Aquadorian's ghost (novice MiFi)
 16385 | Lair:2   | Killed Aquadorian's ghost
 16705 | Lair:2   | Reached **** piety under Hepliaklqana
 17188 | Lair:3   | Found a hole to the Spider Nest.
 17260 | Lair:3   | Reached skill level 5 in Earth Magic
 17276 | Lair:3   | Learned a level 1 spell: Apportation
 17279 | Lair:3   | Learned a level 2 spell: Blink
 17284 | Lair:3   | Learned a level 4 spell: Passage of Golubria
 17371 | Lair:3   | Found a staircase to the Shoals.
 17692 | Lair:3   | Reached skill level 1 in Translocations
 17739 | Lair:3   | Reached ***** piety under Hepliaklqana
 18517 | Lair:4   | Got a crude leather armour
 18528 | Lair:4   | Identified the +2 leather armour of the Everdark {rN++ Str-4 Dex+3} (You found it on level 4 of the Lair of Beasts)
 19037 | Lair:5   | Reached XP level 14. HP: 90/90 MP: 32/32
 19347 | Lair:5   | Gained mutation: You are partially covered in thin metallic scales. (AC +2) [potion of mutation]
 19347 | Lair:5   | Gained mutation: You are occasionally teleported next to monsters. [potion of mutation]
 19354 | Lair:5   | Found a staircase to the Slime Pits.
 19365 | Lair:5   | Reached skill level 5 in Evocations
 19417 | Lair:5   | Reached skill level 5 in Translocations
 19518 | Lair:5   | Found a viscous altar of Jiyva.
 19993 | Lair:6   | Entered Level 6 of the Lair of Beasts
 20213 | Lair:6   | Reached skill level 13 in Spellcasting
 20432 | Lair:6   | Found a runed door.
 20473 | Lair:6   | Reached skill level 15 in Conjurations
 20709 | Lair:6   | Learned a level 6 spell: Deflect Missiles
 20842 | Lair:6   | Reached ****** piety under Hepliaklqana
 21860 | Orc:1    | Entered Level 1 of the Orcish Mines
 21960 | Orc:1    | Found a roughly hewn altar of Beogh.
 21966 | Orc:1    | Noticed Fannar
 21966 | Orc:1    | Noticed Snorg
 21977 | Orc:1    | Found a frozen archway.
 21987 | IceCv    | Entered an ice cave
 22141 | IceCv    | Reached XP level 15. HP: 96/96 MP: 11/34
 22568 | IceCv    | Noticed a frost giant
 22598 | IceCv    | Killed a frost giant
 22795 | Orc:1    | Killed Snorg
 22795 | Orc:1    | Reached skill level 1 in Armour
 22807 | Orc:1    | Killed Fannar
 23307 | Orc:2    | Entered Level 2 of the Orcish Mines
 23360 | Orc:2    | Found a staircase to the Elven Halls.
 23399 | Orc:2    | Found a roughly hewn altar of Beogh.
 23480 | Orc:2    | Noticed Erolcha
 23530 | Orc:2    | Killed Erolcha
 23759 | Orc:2    | Found a roughly hewn altar of Beogh.
 23989 | Orc:2    | Found a roughly hewn altar of Beogh.
 23990 | Orc:2    | Found Vopaesch's Antique Armour Shoppe.
 24113 | Orc:2    | Found a roughly hewn altar of Beogh.
 24205 | Orc:2    | Found a roughly hewn altar of Beogh.
 24224 | Orc:2    | Found Icyoff's Antique Armour Emporium.
 24337 | Orc:2    | Noticed an orc warlord
 24515 | Orc:2    | Found Zesahung's Antique Weapon Shop.
 24527 | Orc:2    | Found a roughly hewn altar of Beogh.
 24528 | Orc:2    | Found Tutuj's Antique Armour Boutique.
 24660 | Orc:2    | Killed an orc warlord
 24994 | D:14     | Reached skill level 10 in Earth Magic
 25240 | D:14     | Found a gate to the Vaults.
 25417 | D:14     | Reached skill level 14 in Spellcasting
 25664 | D:14     | Identified a scroll of acquirement
 25668 | D:14     | Got a pair of smoking boots
 25679 | D:14     | Identified the +2 pair of boots of Prudence {rF+ rC+ MR+ Str+5} (You acquired it on level 14 of the Dungeon)
 25957 | D:14     | Reached XP level 16. HP: 80/105 MP: 36/36
 26033 | D:15     | Entered Level 15 of the Dungeon
 26049 | D:14     | Gained mutation: You are resistant to hostile enchantments. (MR+) [mutagenic meat]
 26168 | D:14     | Gained mutation: Your muscles are very strong. (Str +4) [mutagenic meat]
 26550 | D:15     | Found a staircase to the Depths.
 26599 | D:15     | Gained mutation: You possess an exceptional clarity of mind. [mutagenic meat]
 27494 | Spider:1 | Entered Level 1 of the Spider Nest
 28373 | Spider:2 | Lost mutation: Your body sometimes deteriorates upon taking damage. [potion of cure mutation]
 28373 | Spider:2 | Lost mutation: You are robust. (+10% HP) [potion of cure mutation]
 28373 | Spider:2 | Lost mutation: You are somewhat resistant to further mutation. [potion of cure mutation]
 28373 | Spider:2 | Lost mutation: You possess an exceptional clarity of mind. [potion of cure mutation]
 28373 | Spider:2 | Lost mutation: Scrolls take you a little longer to read. [potion of cure mutation]
 28406 | Spider:2 | HP: 4/96 [hornet (14)]
 29059 | Spider:3 | Noticed crawlian's ghost (journeyman DEFE)
 29089 | Spider:3 | Killed crawlian's ghost
 29863 | Spider:3 | Reached XP level 17. HP: 85/101 MP: 21/37
 29864 | Spider:3 | Reached XP level 18. HP: 91/107 MP: 21/38
 30390 | Spider:4 | Entered Level 4 of the Spider Nest
 30401 | Spider:3 | Gained mutation: Your body sometimes deteriorates upon taking damage. [potion of mutation]
 30401 | Spider:3 | Gained mutation: Your magical capacity is low. (-10% MP) [potion of mutation]
 30717 | Spider:4 | Reached skill level 15 in Spellcasting
 30986 | Spider:4 | Reached skill level 1 in Air Magic
 30989 | Spider:4 | Noticed Bai Suzhen
 30990 | Spider:4 | Reached skill level 1 in Maces & Flails
 31720 | Spider:3 | Reached skill level 10 in Fighting
 31986 | Spider:4 | Got a gossamer rune of Zot
 32072 | Spider:3 | Lost mutation: You are resistant to hostile enchantments. (MR+) [mutagenic meat]
 32075 | Spider:3 | Gained mutation: You are robust. (+10% HP) [mutagenic meat]
 32078 | Spider:3 | Gained mutation: You are very robust. (+20% HP) [mutagenic meat]
 32084 | Spider:3 | Gained mutation: You have large cloven feet. [mutagenic meat]
 32689 | Spider:4 | Lost mutation: You have large cloven feet. [mutagenic meat]
 33116 | Spider:4 | Gained mutation: Scrolls take you a little longer to read. [mutagenic meat]
 33239 | Spider:4 | Killed Bai Suzhen
 33400 | Shoals:1 | Entered Level 1 of the Shoals
 33411 | Shoals:1 | Reached skill level 5 in Armour
 33643 | Shoals:3 | Got a shimmering halberd
 33647 | Shoals:3 | Identified the +7 halberd of Greed {venom, rPois} (You found it on level 3 of the Shoals)
 33881 | Shoals:3 | Identified Cigotuvi's Collected Works on Shifting Sinister Arts (You found it on level 3 of the Shoals)
 34459 | Shoals:4 | Entered Level 4 of the Shoals
 34557 | Shoals:4 | Noticed Ilsuiw
 34564 | Shoals:4 | Killed Ilsuiw
 35070 | Shoals:4 | Reached XP level 19. HP: 134/134 MP: 31/36
 35515 | Shoals:4 | Got a barnacled rune of Zot
 35750 | Shoals:4 | Got a sparkling silver amulet
 35764 | Shoals:4 | Identified the amulet "Heom" {Harm *Drain +Inv Dex+5} (You found it on level 4 of the Shoals)
 35788 | Shoals:4 | Reached skill level 1 in Shields
 36367 | Shoals:2 | Noticed Roxanne
 36378 | Shoals:2 | Killed Roxanne
 36378 | Shoals:2 | Reached skill level 5 in Air Magic
 36402 | Shoals:2 | Learned a level 6 spell: Iron Shot
 36913 | Shoals:1 | Reached skill level 16 in Spellcasting
 37401 | Lair:3   | Upgraded the game from 0.19-a0-1021-g80cc50c to 0.19-a0-1035-gdbfb0c6
 37580 | Elf:1    | Entered Level 1 of the Elven Halls
 37580 | Elf:1    | Noticed Asterion
 37716 | Elf:1    | HP: 3/135 [Executioner[Asterion] (16)]
 37719 | Elf:1    | Killed Asterion
 38704 | Elf:1    | Noticed Donald
 38708 | Elf:1    | Killed Donald
 39145 | Elf:2    | Found a huge runed gate.
 39145 | Elf:2    | Found a huge runed gate.
 39145 | Elf:2    | Found a huge runed gate.
 39146 | Elf:2    | Found a huge runed gate.
 39147 | Elf:2    | Found a huge runed gate.
 39236 | Elf:2    | Reached XP level 20. HP: 142/142 MP: 21/38
 39238 | Elf:2    | Reached skill level 10 in Translocations
 39610 | Elf:2    | Found Juzi's Magic Scroll Emporium.
 39626 | Elf:2    | Bought a scroll of identify for 40 gold pieces
 39626 | Elf:2    | Bought a scroll of identify for 40 gold pieces
 39626 | Elf:2    | Bought a scroll of teleportation for 60 gold pieces
 39626 | Elf:2    | Bought a scroll of identify for 40 gold pieces
 39626 | Elf:2    | Bought a scroll of teleportation for 60 gold pieces
 39626 | Elf:2    | Bought a scroll of recharging for 190 gold pieces
 39956 | Elf:3    | Entered Level 3 of the Elven Halls
 40185 | D:12     | Bought a potion of curing for 33 gold pieces
 40185 | D:12     | Bought 2 potions of beneficial mutation for 770 gold pieces
 40185 | D:12     | Bought a potion of might for 44 gold pieces
 40185 | D:12     | Bought a potion of curing for 33 gold pieces
 40185 | D:12     | Bought a potion of might for 44 gold pieces
 40185 | D:12     | Bought a potion of might for 44 gold pieces
 40185 | D:12     | Bought a potion of brilliance for 44 gold pieces
 40185 | D:12     | Bought a potion of brilliance for 44 gold pieces
 40288 | D:9      | Bought a warped robe for 153 gold pieces
 40290 | D:9      | Identified the cursed -5 robe of Misfortune {-Cast *Contam *Tele *Drain EV-5 Stlth-- *Curse} (You bought it in a shop on level 9 of the Dungeon)
 40329 | D:9      | Bought a wand of teleportation (5/9) for 378 gold pieces
 40329 | D:9      | Bought a wand of hasting (4/9) for 672 gold pieces
 40460 | Vaults:1 | Entered Level 1 of the Vaults
 41330 | Vaults:1 | Found Acsoi's Distillery.
 41361 | Vaults:1 | Bought a potion of mutation for 35 gold pieces
 41361 | Vaults:1 | Bought a potion of mutation for 35 gold pieces
 41364 | Vaults:1 | Gained mutation: Your body often deteriorates upon taking damage. [potion of mutation]
 41365 | Vaults:1 | Lost mutation: Your magical capacity is low. (-10% MP) [potion of mutation]
 41369 | Vaults:1 | Bought a potion of beneficial mutation for 490 gold pieces
 41440 | Vaults:1 | Gained mutation: You are dopey. (Int -2) [potion of mutation]
 41440 | Vaults:1 | Gained mutation: You evolve. [potion of mutation]
 41515 | Vaults:1 | Reached skill level 17 in Spellcasting
 42318 | Vaults:2 | Found Saaskor's Armour Boutique.
 42323 | Vaults:2 | Bought a +0 cloak of magic resistance for 218 gold pieces
 42491 | Vaults:2 | Gained mutation: You expend magic power (3 MP) to strengthen your wands. [mutagenic meat]
 42494 | Vaults:2 | Gained mutation: Potions and wands are less effective at restoring your health. [mutagenic meat]
 42638 | Vaults:2 | Reached skill level 5 in Shields
 42654 | Vaults:2 | Lost mutation: Your body often deteriorates upon taking damage. [mutagenic meat]
 42688 | Vaults:2 | Lost mutation: Your muscles are very strong. (Str +4) [mutagenic meat]
 42691 | Vaults:2 | Lost mutation: Scrolls take you a little longer to read. [mutagenic meat]
 42694 | Vaults:2 | Gained mutation: You have large cloven feet. [mutagenic meat]
 42873 | Vaults:2 | Lost mutation: You are very robust. (+20% HP) [mutagenic meat]
 42876 | Vaults:2 | Gained mutation: You often lose your temper in combat. [mutagenic meat]
 43159 | Vaults:2 | Reached skill level 10 in Invocations
 43332 | Vaults:2 | Lost mutation: You have large cloven feet. [mutagenic meat]
 43335 | Vaults:2 | Lost mutation: Your muscles are strong. (Str +2) [mutagenic meat]
 43665 | Vaults:3 | Lost mutation: You evolve. [mutagenic meat]
 43674 | Vaults:3 | Gained mutation: You are partially covered in molten scales. (AC +1) [mutagenic meat]
 43677 | Vaults:3 | Gained mutation: Potions and wands are poor at restoring your health. [mutagenic meat]
 43723 | Vaults:3 | Reached skill level 15 in Earth Magic
 43828 | Vaults:3 | Noticed Frederick
 43873 | Vaults:3 | Found a staircase to the Crypt.
 43874 | Vaults:3 | Noticed a bone dragon
 43990 | Vaults:3 | Killed Frederick
 43992 | Vaults:3 | Reached XP level 21. HP: 119/137 MP: 26/44
 44134 | Vaults:3 | Noticed Nikola
 44143 | Vaults:3 | Killed Nikola
 45109 | Vaults:3 | Gained mutation: Your movements are slightly less encumbered by armour. (ER -2) [mutagenic meat]
 45112 | Vaults:3 | Gained mutation: You have sharp toenails. [mutagenic meat]
 45115 | Vaults:3 | Lost mutation: Your body sometimes deteriorates upon taking damage. [mutagenic meat]
 45149 | Vaults:3 | Lost mutation: You are occasionally teleported next to monsters. [mutagenic meat]
 45155 | Vaults:3 | Gained mutation: You have supernaturally acute eyesight. (SInv) [mutagenic meat]
 45207 | Vaults:4 | Lost mutation: You often lose your temper in combat. [mutagenic meat]
 45428 | Vaults:4 | Learned a level 8 spell: Controlled Blink
 45666 | Vaults:4 | Reached skill level 18 in Spellcasting
 45688 | Vaults:4 | Lost mutation: You are dopey. (Int -2) [mutagenic meat]
 45691 | Vaults:4 | Gained mutation: Your body sometimes deteriorates upon taking damage. [mutagenic meat]
 45694 | Vaults:4 | Lost mutation: Your body sometimes deteriorates upon taking damage. [mutagenic meat]
 45697 | Vaults:4 | Gained mutation: You are very robust. (+20% HP) [mutagenic meat]
 45700 | Vaults:4 | Gained mutation: You possess an exceptional clarity of mind. [potion of beneficial mutation]
 45701 | Vaults:4 | Gained mutation: You evolve. [potion of beneficial mutation]
 45702 | Vaults:4 | Gained mutation: You are extremely robust. (+30% HP) [potion of beneficial mutation]
 45703 | Vaults:4 | Gained mutation: You have razor-sharp toenails. [potion of beneficial mutation]
 45916 | Vaults:4 | Lost mutation: You possess an exceptional clarity of mind. [mutagenic meat]
 45919 | Vaults:4 | Gained mutation: Your muscles are strong. (Str +2) [mutagenic meat]
 45922 | Vaults:4 | Lost mutation: Your muscles are strong. (Str +2) [mutagenic meat]
 45943 | Vaults:4 | Lost mutation: You are partially covered in thin metallic scales. (AC +2) [mutagenic meat]
 46606 | Vaults:4 | Got a spiked buckler
 46612 | Vaults:4 | Identified the +1 buckler of Cafic {+Inv Str+7 Int+9 Dex-3} (You acquired it on level 4 of the Vaults)
 46620 | Vaults:4 | Got an ancient cloak
 46631 | Vaults:4 | Identified the +5 cloak of the Salamander {-Tele +Fly rElec rN+++} (You acquired it on level 4 of the Vaults)
 46828 | D:15     | Lost mutation: You have razor-sharp toenails. [evolution]
 46842 | Depths:1 | Entered Level 1 of the Depths
 46924 | Depths:1 | Learned a level 9 spell: Shatter
 47047 | Depths:1 | Reached XP level 22. HP: 163/171 MP: 13/46
 47296 | Depths:1 | Got a pair of crude boots
 47315 | Depths:1 | Identified the +0 pair of boots of the Jolly Dances {rPois} (You found it on level 1 of the Depths)
 47362 | Depths:1 | Found a gateway to Hell.
 47769 | Depths:2 | Noticed the Enchantress
 47774 | Depths:2 | Found a one-way gate leading to the halls of Pandemonium.
 47782 | Depths:2 | Killed the Enchantress
 47801 | Depths:2 | Got a faerie dragon armour
 47823 | Depths:2 | Identified the +1 faerie dragon armour {Int+5} (You took it off the Enchantress on level 2 of the Depths)
 48174 | Depths:1 | Reached skill level 15 in Translocations
 48595 | Depths:2 | Found Ytzeic Ashra's Gadget Shop.
 48595 | Depths:2 | Found Poyleik's Jewellery Shoppe.
 48596 | Depths:2 | Found Vesan's Gadget Shop.
 48977 | Depths:2 | Reached skill level 19 in Spellcasting
 49277 | Depths:3 | Identified the Handbook of Calling
 49281 | Depths:3 | Got an ichor-stained flail
 49282 | Depths:3 | Identified the +8 flail of Keng {distort, Dex+4} (You found it on level 3 of the Depths)
 49946 | Depths:3 | Got a pitted jade ring
 49968 | Depths:3 | Identified the ring of Vuvuonn {rElec MR+} (You found it on level 3 of the Depths)
 50133 | Depths:3 | Reached XP level 23. HP: 180/180 MP: 31/48
 50415 | Depths:3 | Got a glittering ruby amulet
 50458 | Depths:3 | Got a pitted brass ring
 50460 | Depths:3 | Identified the ring of Tukhid {*Tele rF+} (You found it on level 3 of the Depths)
 50511 | Depths:3 | Got a vibrating golden ring
 50513 | Depths:3 | Identified the ring "Voipisui" {Fire +Blink rPois Stlth-} (You found it on level 3 of the Depths)
 51069 | Depths:4 | Found a one-way gate to the infinite horrors of the Abyss.
 51158 | Depths:4 | Noticed a caustic shrike
 51170 | Depths:4 | Killed a caustic shrike
 51331 | Depths:4 | Noticed a caustic shrike
 51340 | Depths:4 | Killed a caustic shrike
 51380 | Depths:4 | Noticed a caustic shrike
 51384 | Depths:4 | Killed a caustic shrike
 51621 | Depths:4 | Got a crystal mace {pain}
 51629 | Depths:4 | Identified the cursed +0 mace of the Owl {pain, *Noise rF+ Str+2 Stlth+} (You took it off a wizard on level 4 of the Depths)
 51872 | Depths:4 | Got a twisted great mace
 52562 | Depths:5 | Entered Level 5 of the Depths
 52568 | Depths:5 | Reached skill level 20 in Spellcasting
 52575 | Depths:5 | Reached skill level 10 in Evocations
 52637 | Depths:5 | Gained mutation: You can translocate small distances at will. [potion of beneficial mutation]
 52716 | Depths:5 | Noticed a juggernaut
 52724 | Depths:5 | Killed a juggernaut
 52776 | Depths:5 | Found a gateway to a ziggurat.
 53080 | Depths:5 | Noticed Saint Roka
 53090 | Depths:5 | Killed Saint Roka
 53090 | Depths:5 | Reached XP level 24. HP: 154/191 MP: 4/49
 53628 | Depths:5 | Found a gate to the Realm of Zot.
 54314 | Elf:3    | Found Iwketwiv's Magic Scroll Shop.
 54345 | Elf:3    | Identified the amulet of the Median {Spirit rF+ rN+++} (You found it on level 3 of the Depths)
 54373 | Elf:3    | Bought a scroll of identify for 24 gold pieces
 55388 | Elf:3    | Reached skill level 21 in Spellcasting
 55400 | Elf:3    | Got a steaming sapphire amulet
 55404 | Elf:3    | Identified the amulet "Buromofi" {Faith MR++ Dex+3} (You took it off a deep elf annihilator on level 3 of the Elven Halls)
 55470 | Elf:3    | Reached skill level 15 in Invocations
 55561 | Elf:3    | Identified the Disquisition on Evil Conjuration
 55569 | Elf:3    | Got a shimmering leather armour
 55570 | Elf:3    | Identified the +0 leather armour "Hody" {Slay+2} (You found it on level 3 of the Elven Halls)
 55579 | Elf:3    | Identified the Tome of Supportive Transmutation
 55676 | Elf:3    | Got a polished long sword
 55677 | Elf:3    | Identified the +4 long sword "Gukhiq" {slice, MP+9 Str+4 Dex+4} (You found it on level 3 of the Elven Halls)
 55726 | Elf:3    | Got a glittering ivory ring
 55855 | Elf:3    | Identified the ring of the Disturbing Dances {rPois Str+2 Dex+3} (You took it off a deep elf sorcerer on level 3 of the Elven Halls)
 56030 | Orc:1    | Gained mutation: You possess an exceptional clarity of mind. [evolution]
 56030 | Orc:1    | Lost mutation: You evolve. [end of evolution]
 56306 | Vaults:5 | Entered Level 5 of the Vaults
 56330 | Vaults:5 | Noticed an ancient lich
 56333 | Vaults:5 | Killed an ancient lich
 56334 | Vaults:5 | Reached XP level 25. HP: 157/198 MP: 1/50
 56496 | Vaults:5 | Noticed an ancient lich
 56501 | Vaults:5 | Killed an ancient lich
 56670 | Vaults:5 | Noticed Mennas
 56789 | Vaults:5 | Noticed herpmino's ghost (adept FoFi)
 56792 | Vaults:5 | Slain by a stone giant

Vault maps used:
D:1:      tarquinn_simple_flora_water_b, tso_altar
D:2:      minmay_hexomino_u4
D:4:      grunt_temple_overflow_cloverleaf, first_bread, uniq_edmund
D:5:      old_standard_altar, gup_sewer_entry_glass, uniq_pikel
D:6:      uniq_blork_the_orc
D:7:      enter_bailey_3
D:8:      kennysheep_big_flooded_room, basic_altar
D:9:      vehumet_altar_wand_db, lemuel_crystal_altar,
          nicolae_overflow_crystal_walls, serial_shops, shop,
          nicolae_shop_competitors_out_of_business, shop, nicolae_sextant
D:10:     minmay_cut_squares, erik_orc_2, hangedman_fish_farm
D:11:     dpeg_lair_monsters, nicolae_trove_entry_path_of_doom,
          kennysheep_island_fort
D:12:     serial_shops, shop, basic_altar
D:14:     minmay_isolated_rectangles_in_corner,
          lightli_vaults_fourway_checkpoint, lab_entry_generic, abandoned_shop,
          minivault_27, small_statue_intersection
D:15:     hangedman_depths_entry_try_elsewhere_first, special_room,
          serial_co_window_serial, co_window_paths_b, co_window_paths_a,
          co_window_paths_b, co_window_paths_b, co_window_of_opportunity_a,
          co_window_unsneaky_path_c, co_window_unsneaky_path_b,
          co_window_paths_c, co_window_of_opportunity_b, co_window_2corner,
          glass_columns_a, glass_columns_c, glass_columns_a, glass_columns_c
Temple:   cyrus_circular_temple
Lair:1:   serial_bayou_shore_b, lemuel_fruit_fields, uniq_grum, uniq_gastronok
Lair:2:   serial_bayou_shore_a, serial_bayou_shore_b, grunt_megastairs_5
Lair:3:   elwin_shoals_entry_rocks, spider_nest_entry_web_field,
          beast_lair_carwin_4
Lair:4:   serial_bayou_pond_b, grunt_megastairs_1, lemuel_fruit_fields
Lair:5:   slime_altar_1, grunt_forest_small_clearing_treed
Lair:6:   guppyfry_lair_end_dragon, wormcave, lemuel_fruit_fields
Shoals:2: uniq_roxanne
Shoals:3: nicolae_shoals_kraken_intersection
Shoals:4: shoals_end_grunt_ice, shoals_ilsuiw_alternative,
          nicolae_shoals_isolated_beach
Spider:3: nicolae_spider_cling_halls
Spider:4: grunt_spider_rune_circles, nicolae_spider_cling_ruins, uniq_bai_suzhen
Orc:1:    basic_altar, portal_ice_cave_entry_imps, uniq_fannar, uniq_snorg
Orc:2:    grunt_orc_community_town_hall, grunt_orc_community_big_house_1,
          grunt_orc_community_big_house_2, grunt_orc_community_house_3,
          grunt_orc_community_house_1, grunt_orc_community_house_1,
          grunt_orc_community_house_2, grunt_orc_community_house_1,
          nicolae_orc_stony_grotto, uniq_erolcha
Elf:1:    elf_arrival_002, kennysheep_underground_church, uniq_asterion,
          uniq_donald
Elf:2:    serial_shops, nicolae_shop_temple_entry_statues_fountains
Elf:3:    elf_hall_gauntlet_wide, serial_shops, nicolae_shop_statue_plus
Vaults:1: hangedman_vaults_maws, nicolae_vaults_little_squares_2,
          vaults_mumra_hex, v_misc_5, v_misc_5,
          vaults_standard_mumra_enter_the_diamond, vaults_room_semicircle,
          dpeg_vaults_monster_box, v_misc_15, grunt_vaults_hallway_short,
          nicolae_vaults_angled_halls, v_misc_15, serial_shops,
          nicolae_shop_behind_doors
Vaults:2: v_misc_9, ontoclasm_vaults_spin, v_misc_16, nicolae_vaults_arrows,
          v_rooms_3, hangedman_vaults_nails, hangedman_vaults_trim,
          nicolae_vaults_ring_of_whatevers, vaults_room_semicircle,
          nicolae_vaults_inception_statues, ontoclasm_vaults_gallery,
          vaults_room_stairs_pillars, serial_shops, shop
Vaults:3: v_misc_16, nicolae_vaults_asterisk, v_misc_1, grunt_vaults_funnel,
          v_rooms_2, nicolae_vaults_puzzle_piece, vaults_standard_mumra_x,
          hangedman_vaults_cutoff, grunt_vaults_focal, serial_ice_b, v_misc_16,
          ontoclasm_vaults_shuriken, minmay_crypt_entry_nasty_monster,
          uniq_frederick, uniq_nikola
Vaults:4: v_misc_5, nicolae_vaults_meeting, v_misc_18,
          nicolae_vaults_little_squares_5, v_pattern_1
Vaults:5: serial_shops, uniq_mennas
Depths:1: hangedman_geh_valley, minmay_tree_intersection, hex_tiny,
          dk_noncrumbling_4, evilmike_butchery
Depths:2: hangedman_arrow_trap, pf_coc_iceberg, kennysheep_small_spiral,
          pan_entry, infiniplex_staircase_spiral_double, minmay_shop_grove,
          uniq_enchantress
Depths:3: radiant_caverns_a_rkd, hell_entry, pan_entry
Depths:4: angbandy_vault, minmay_misc_feat_room, hell_entry,
          grunt_pan_entry_in_and_out, abyss_entry_crystal,
          infiniplex_staircase_pool_2
Depths:5: grunt_zot_entry_hairpin, enter_ziggurat_a, abyss_entry, hellmouth_1,
          serial_glass, glass_columns_b, glass_columns_b, feat_on_display,
          corner_web_ring, eino_tiny_chamber, uniq_saint_roka
Lab:      nicolae_lab_arrow, lab_fountain, nicolae_lab_big_swirl,
          nicolae_lab_dead_end
Sewer:    sewer_co_15_rooms
Bailey:   bailey_axe_2, bailey
IceCv:    ice_cave_caverns_03

Skill      XL: |  1  2  3  4  5  6  7  8  9 10 11 12 13 14 15 16 17 18 19 20 21 22 23 24 |
---------------+-------------------------------------------------------------------------+-----
Spellcasting   | 4 5 6 7 8 9 10 11 12 13 14 15 16 17 18 19 20 21 | 21.7
Conjurations   | 5 6 7 8 9 10 11 12 13 14 15 16 17 18 | 18.1
Dodging        | 3 4 5 6 7 9 10 11 12 | 12.0
Fighting       | 1 2 3 4 5 6 7 8 9 10 11 12 13 14 | 14.7
Stealth        | 3 4 6 7 8 |  8.7
Charms         | 2 4 5 7 8 |  8.2
Necromancy     | 2 5 6 7 |  7.0
Invocations    | 3 5 6 7 8 10 11 13 14 15 | 15.8
Hexes          | 2 4 |  4.0
Evocations     | 2 4 6 7 8 10 12 | 12.9
Earth Magic    | 3 6 8 10 11 12 13 14 15 16 17 18 | 18.6
Translocations | 3 7 9 12 14 16 17 | 17.0
Armour         | 2 4 5 |  5.5
Air Magic      | 3 5 |  5.4
Maces & Flails | 2 |  2.8
Shields        | 3 5 7 |  7.0

Action                   |  1- 3 |  4- 6 |  7- 9 | 10-12 | 13-15 | 16-18 | 19-21 | 22-24 | 25-27 || total
-------------------------+-------+-------+-------+-------+-------+-------+-------+-------+-------++-------
Melee: Club              |     1 |       |       |       |       |       |       |       |       ||     1
       Quarterstaff      |       |     6 |       |       |       |       |       |       |       ||     6
       Mace              |       |     5 |   165 |   390 |   809 |   422 |   716 |   545 |     7 ||  3059
 Cast: Magic Dart        |    69 |    74 |    49 |   119 |   102 |   113 |   164 |    24 |       ||   714
       Searing Ray       |     2 |     7 |    26 |    18 |    15 |    10 |     2 |       |       ||    80
       Dazzling Spray    |       |     1 |     6 |    12 |     3 |    52 |       |       |       ||    74
       Iskenderun's Myst |       |     4 |     9 |    75 |   115 |    76 |    43 |    10 |       ||   332
       Regeneration      |       |       |     1 |     7 |    40 |    52 |    48 |    41 |       ||   189
       Iskenderun's Batt |       |       |       |    32 |    35 |    36 |    39 |     5 |       ||   147
       Confuse           |       |       |       |     1 |       |       |       |       |       ||     1
       Lee's Rapid Decon |       |       |       |       |    32 |    48 |   120 |   143 |     2 ||   345
       Passage of Golubr |       |       |       |       |     1 |    12 |     7 |     1 |       ||    21
       Apportation       |       |       |       |       |       |    10 |     7 |       |       ||    17
       Deflect Missiles  |       |       |       |       |       |     3 |    14 |     6 |       ||    23
       Iron Shot         |       |       |       |       |       |       |    48 |    75 |     3 ||   126
       Blink             |       |       |       |       |       |       |     1 |       |       ||     1
       Passwall          |       |       |       |       |       |       |       |     1 |       ||     1
       Controlled Blink  |       |       |       |       |       |       |       |     3 |       ||     3
       Shatter           |       |       |       |       |       |       |       |     5 |     7 ||    12
Invok: Recall Ancestor   |       |       |       |     5 |     3 |    16 |     9 |     2 |       ||    35
       Ancestor Life: Ba |       |       |       |     1 |       |       |       |       |       ||     1
       Idealise          |       |       |       |       |       |       |     5 |    14 |       ||    19
 Abil: Blink             |       |       |       |       |       |       |       |       |     1 ||     1
Evoke: Phial of floods   |       |       |       |       |     4 |     3 |     4 |       |       ||    11
       Wand              |       |       |       |       |     4 |     8 |       |       |       ||    12
       Sack of spiders   |       |       |       |       |     3 |       |       |     4 |       ||     7
       Lamp of fire      |       |       |       |       |     4 |     4 |     4 |     1 |       ||    13
       Fan of gales      |       |       |       |       |     1 |     2 |     3 |       |       ||     6
       Box of beasts     |       |       |       |       |       |     9 |     2 |       |       ||    11
  Use: Scroll            |     2 |     4 |     9 |    10 |    16 |    11 |    16 |    12 |       ||    80
       Potion            |       |       |     1 |     1 |    11 |    12 |    11 |     4 |       ||    40
 Stab: Distracted        |       |     1 |     1 |     4 |    24 |    13 |    34 |    17 |     1 ||    95
       Sleeping          |       |       |    15 |    20 |    32 |    12 |    23 |     5 |       ||   107
       Invisible         |       |       |       |       |     2 |     1 |       |       |       ||     3
       Held in net/web   |       |       |       |       |       |       |       |     1 |       ||     1
  Eat: Chunk             |       |     8 |    17 |    29 |    40 |    36 |    71 |       |       ||   201
       Beef jerky        |       |       |     1 |     2 |     1 |     1 |     2 |     8 |       ||    15
       Fruit             |       |       |     2 |     4 |     2 |    14 |       |     3 |       ||    25
       Pizza             |       |       |       |     1 |     1 |     4 |     2 |     4 |       ||    12
       Royal jelly       |       |       |       |     1 |       |     1 |     1 |     2 |       ||     5
       Meat ration       |       |       |       |       |     2 |     1 |     5 |     3 |       ||    11
Armor: Robe              |     3 |     9 |    31 |       |       |       |       |       |       ||    43
       Leather armour    |       |       |    43 |   155 |   299 |   357 |   274 |   174 |    27 ||  1329
       Skin              |       |       |       |       |    15 |       |       |       |       ||    15
Dodge: Dodged            |    19 |    24 |   250 |   579 |  1128 |  1305 |  1066 |   609 |    45 ||  5025
       Deflected         |       |       |       |       |       |    19 |   127 |    73 |     5 ||   224
Block: Buckler           |       |       |       |       |       |       |    21 |   249 |    21 ||   291
